 Dungeon Crawl Stone Soup version 0.29-a0-356-g7bc237e783 (webtiles) character file.

Game seed: 7971519812007040441

81 zeratav the Magician (level 4, 0/33 HPs)
             Began as a Djinni Ice Elementalist on Apr 26, 2022.
             Slain by a gnoll
             ... wielding a +0 halberd
              (10 damage)
             ... on level 3 of the Dungeon.
             The game lasted 00:04:06 (3199 turns).

zeratav the Magician (Djinni Ice Elementalist)      Turns: 3199, Time: 00:04:07

Health: 0/33       AC:  8    Str:  9    XL:     4   Next: 68%
Gold:   124        EV: 12    Int: 18    God:
                   SH:  0    Dex: 17

rFire   + + .      SeeInvis .   s - +12 short sword of the Orcish Mines {vorpal, Str+2 Dex+3 Stlth+, short}
rCold   x . .      Faith    .   (no shield)
rNeg    . . .      Spirit   .   a - +0 robe
rPois   ∞          Reflect  .   (no helmet)
rElec   .          Harm     .   (no cloak)
rCorr   .          Rampage  .   (no gloves)
Will    .....                   (boots unavailable)
Stlth   +++.......              (no amulet)
HPRegen 0.11/turn               (no ring)
MPRegen 0.00/turn               (no ring)

@: ice-armoured, freezing walls, flying
A: sickness immunity, fire resistance 2, cold vulnerability 1, float, innate
caster, HP casting, extra vitality 1
a: no special abilities


You were on level 3 of the Dungeon.
You visited 1 branch of the dungeon, and saw 3 of its levels.

You collected 124 gold pieces.


Innate Abilities, Weirdness & Mutations

You are immune to sickness and miasma.
You are immune to poison.
Your flesh is very heat resistant. (rF++)
You are vulnerable to cold. (rC-)
You float through the air rather than walking.
You learn spells naturally, not from books.
Your magical power is your life essence.
You have superior vitality. (+4 MHP)


   Skills:
 + Level 2.0 Fighting
 + Level 2.0 Armour
 - Level 2.1 Dodging
 - Level 1.5 Stealth
 + Level 3.7 Spellcasting


You couldn't memorise any spells.
You knew the following spells:

 Your Spells              Type           Power      Damage    Failure   Level
a - Freeze                Ice            64%        1d8       3%          1
b - Frozen Ramparts       Ice            32%        1d5       10%         3
c - Ozocubu's Armour      Ice            16%        N/A       10%         3
d - Hailstorm             Conj/Ice       16%        3d6       32%         4
e - Apportation           Tloc           32%        N/A       3%          1
Your spell library was empty.

Inventory:

Hand Weapons
 k - the +4 mace "Killer Bee's Regret" {vorpal, rPois rF+ Str+2, mace}
   (You found it on level 2 of the Dungeon)

   It inflicts extra damage upon your enemies.
   Str:       It affects your strength (+2).
   rF:        It protects you from fire.
   rPois:     It protects you from poison.
 m - the +6 long sword "Acoat" {freeze, Drain rPois rN++ SInv, long}
   (You found it on level 2 of the Dungeon)

   It freezes those it strikes, dealing additional cold damage.
   It can also slow down cold-blooded creatures.
   rPois:     It protects you from poison.
   rN:        It greatly protects you from negative energy.
   SInv:      It lets you see invisible.
   Drain:     It drains your maximum health when unequipped.
 s - the +12 short sword of the Orcish Mines (weapon) {vorpal, Str+2 Dex+3 Stlth+, short}
   (You found it on level 3 of the Dungeon)

   It inflicts extra damage upon your enemies.
   Str:       It affects your strength (+2).
   Dex:       It affects your dexterity (+3).
   Stlth:     It makes you more stealthy.
Armour
 a - a +0 robe (worn)
 i - a +0 leather armour
   (You found it on level 1 of the Dungeon)
 j - a +0 leather armour
   (You found it on level 2 of the Dungeon)
 n - a +0 chain mail
   (You found it on level 2 of the Dungeon)
 o - a +0 leather armour
   (You found it on level 2 of the Dungeon)
 q - a +0 chain mail
   (You found it on level 3 of the Dungeon)
 t - a +0 leather armour
   (You found it on level 3 of the Dungeon)
 u - a +0 cloak
   (You found it on level 3 of the Dungeon)
Jewellery
 l - an amulet of faith {!P}
   (You found it on level 2 of the Dungeon)
Scrolls
 c - 3 scrolls of immolation {unknown}
 d - a scroll of fog {unknown}
 g - 9 scrolls of identify {unknown}
 p - 3 scrolls of teleportation {unknown}
 v - a scroll of noise {unknown}
Potions
 b - a potion of heal wounds {unknown}
 e - 3 potions of curing {unknown}
 f - a potion of lignification {unknown}
 h - 2 potions of attraction {unknown}
 r - a potion of haste {unknown}

Dungeon Overview and Level Annotations

Branches:
Dungeon (3/15)

Altars:

Shops:
D:1

[[*[ ... #..### .
#..#.# ## .. #..#.#
.... ... #..#.# ...#.
...##..#.# ......
.........#### .......
#..)ggg.# ........
#.@#.##.# ..... ..
####..#.#
.......##.##.##..#.##
....)..##...........#
........#.##.##..#.##
.....#..#.##.##..#.#
.###.#..#.##........
..........#..#.......
....................#.


You could see 3 gnolls.


Message History

You now have 96 gold pieces (gained 13).
Done exploring.
No target in view!
Done exploring.
(D) Dungeon
Where to? (Enter - D:2, ? - help)
Things that are here:
a +0 short sword {short}; a stone {throwing} You see here a +0 dagger {short}.
There is a stone staircase leading down here.
You fly downwards.
There is a stone staircase leading up here.
You reach down and open the door.
There is an open door here.
You now have 101 gold pieces (gained 5).
The book of Alchemy burns to shimmering ash in your grasp.
Found a stone staircase leading down.
An endoplasm comes into view.
An endoplasm is nearby!
You freeze the endoplasm.
The endoplasm quivers.
The endoplasm hits you.
HP[-2]
You take 2 damage, and now have 31/33 hp.
You freeze the endoplasm!
You kill the endoplasm!
Your Armour skill increases to level 2!
HP[-1]
You take 1 damage, and now have 30/33 hp.
There is a stone staircase leading down here.
You now have enough gold to buy a kite shield on D:1.
You can access your shopping list by pressing '$'.
You now have 111 gold pieces (gained 10).
HP[+3]
Your hp is fully restored (33).
You reach down and open the door.
There is an open door here.
p - 2 scrolls labelled GYMIFR VONUXZU No target in view!
You now have 124 gold pieces (gained 13).
q - a +0 chain mail A quokka comes into view.
A quokka is nearby!
You closely miss the quokka. The quokka closely misses you.
The quokka barely misses you.
You freeze the quokka.
You kill the quokka!
Your Fighting skill increases to level 2!
HP[-1]
You take 1 damage, and now have 32/33 hp.
r - a fuming green potion HP[+1]
Your hp is fully restored (33).
s - the +12 short sword of the Orcish Mines {vorpal, Str+2 Dex+3 Stlth+, short} You feel stronger.
You feel agile.
s - the +12 short sword of the Orcish Mines (weapon)
{vorpal, Str+2 Dex+3 Stlth+, short}
Found a runed dagger.
p - 3 scrolls labelled GYMIFR VONUXZU (gained 1)
t - a +0 leather armour
u - a +0 cloak
v - a scroll labelled IFUPNOB KOSUEN A gnoll comes into view.
It is wielding a +0 whip.
A gnoll is nearby!
A gnoll comes into view. It is wielding a +0 halberd.
A gnoll comes into view. It is wielding a +2 spear of flaming.
The gnoll shouts! x3; You hear a shout!
The gnoll hits you with a +0 whip!
HP[-8]
You take 8 damage, and now have 25/33 hp.
MASSIVE DAMAGE!! (PAUSE)
You freeze the gnoll!
The gnoll hits you from afar with a +0 halberd!
* * * LOW HITPOINT WARNING * * *
The gnoll closely misses you.
A gnoll comes into view. It is wielding a +0 whip.
HP[-10]
You take 10 damage, and now have 15/33 hp.
MASSIVE DAMAGE!! (PAUSE)
You are too injured to fight recklessly!
Casting: Freeze (safe; 3% risk of failure)
Confirm with . or Enter, or press ? or * to list all spells.
The spell is quite dangerous to miscast (10% risk of failure)!
Continue anyway?
Casting: Frozen Ramparts (quite dangerous; 10% risk of failure)
Press: ? - help, Dir - look around, f - activate The walls around you are covered in ice.
* * * LOW HITPOINT WARNING * * *
The wall freezes the gnoll.
You kill the gnoll!
HP[-2]
You take 2 damage, and now have 13/33 hp.
Casting: Frozen Ramparts (quite dangerous; 10% risk of failure)
Confirm with . or Enter, or press ? or * to list all spells.
The spell is quite dangerous to miscast (10% risk of failure)!
Continue anyway?
A film of ice covers your body!
* * * LOW HITPOINT WARNING * * *
HP[-3]
You take 3 damage, and now have 10/33 hp.
The wall freezes the gnoll.
The gnoll hits you from afar with a +0 halberd!
You die...

Skill      XL: |  1  2  3  4 |
---------------+-------------+-----
Fighting       | 1 2 |  2.0
Armour         | 1 2 |  2.0
Dodging        | |  2.1
Stealth        | |  1.5
Spellcasting   | |  3.7

Action                   |  1- 3 |  4- 6 || total
-------------------------+-------+-------++-------
Melee: Unarmed           |     2 |       ||     2
       Dagger            |     5 |       ||     5
       Mace              |       |     3 ||     3
 Cast: Freeze            |    52 |    15 ||    67
       Ozocubu's Armour  |       |     1 ||     1
       Frozen Ramparts   |       |     1 ||     1
Armor: Robe              |     5 |     2 ||     7
Dodge: Dodged            |    42 |     5 ||    47

Levels and vault maps discovered:
D:1:      amcnicky_arrival_choice, layout_basic, serial_shops,
          nicolae_shop_waterfront, nicolae_diamond_shop, shop_fountains, shop
D:2:      layout_basic
D:3:      layout_basic, nicolae_sif_muna_condensation, lemuel_doored_altar,
          corexii_item_surrounded_by_moat

Notes
Turn   | Place    | Note
-------+----------+-------------------------------------------
     0 | D:1      | zeratav the Djinni Ice Elementalist began the quest for the
                  | Orb.
     0 | D:1      | Reached XP level 1. HP: 15/15 MP: 0/0
     0 | D:1      | magus.rc [v1.9.6]
    63 | D:1      | Found Ganuewk's Armour Boutique.
   163 | D:1      | Found Qoxosto's Armour Shoppe.
   282 | D:1      | Found Iliwoud's Armour Boutique.
   288 | D:1      | Reached XP level 2. HP: 20/22 MP: 0/0
   833 | D:1      | Reached skill level 1 in Fighting
   889 | D:1      | Reached skill level 1 in Armour
  1206 | D:1      | Found Ziofyb Cypu's Assorted Antiques.
  1337 | D:1      | Reached XP level 3. HP: 22/27 MP: 0/0
  1337 | D:1      | Learned a level 1 spell: Apportation
  1576 | D:2      | HP: 6/27 [adder (3)]
  2102 | D:2      | Reached XP level 4. HP: 19/32 MP: 0/0
  2332 | D:2      | Identified the +4 mace "Killer Bee's Regret" {vorpal, rPois
                  | rF+ Str+2}
  2393 | D:2      | Identified the +6 long sword "Acoat" {freeze, Drain rPois
                  | rN++ SInv}
  3042 | D:3      | Reached skill level 2 in Armour
  3139 | D:3      | Reached skill level 2 in Fighting
  3149 | D:3      | Identified the +12 short sword of the Orcish Mines {vorpal,
                  | Str+2 Dex+3 Stlth+}
  3199 | D:3      | Slain by a gnoll

Vanquished Creatures
  A gnoll (D:3)
  2 adders (D:2)
  2 worms (D:2)
  A dart slug (D:1)
  3 ball pythons
  7 bats
  7 endoplasms
  2 giant cockroaches
  3 goblins
  4 hobgoblins (D:1)
  3 kobolds
  3 quokkas
  3 frilled lizards
  3 rats (D:2)
44 creatures vanquished.

Table legend:
 A = Non-vault XP
 B = Vault XP
 C = Vault XP percentage of total XP
 D = Non-vault monster count
 E = Vault monster count
 F = Vault count percentage of total count
                 A         B        C        D         E       F
            +---------+---------+-------+---------+---------+-------
      Total |     117 |       0 |   0.0 |      44 |       0 |   0.0
            +---------+---------+-------+---------+---------+-------
        D:1 |      34 |       0 |   0.0 |      18 |       0 |   0.0
        D:2 |      64 |       0 |   0.0 |      23 |       0 |   0.0
        D:3 |      19 |       0 |   0.0 |       3 |       0 |   0.0
            +---------+---------+-------+---------+---------+-------

Illustrated notes

Table legend:
 A = Kills in this place as a percentage of kills in entire the game.
 B = Kills by you in this place as a percentage of kills by you in the entire game.
 C = Kills by friends in this place as a percentage of kills by friends in the entire game.
 D = Other kills in this place as a percentage of other kills in the entire game.
 E = Experience gained in this place as a percentage of experience gained in the entire game.
 F = Experience gained in this place divided by the number of levels of this place that you have seen.
                   A       B       C       D       E      F
               +-------+-------+-------+-------+-------+----------------------
         Total | 100.0 | 100.0 |   N/A |   N/A | 100.0 |  39.0
       Dungeon | 100.0 | 100.0 |   N/A |   N/A | 100.0 |  39.0
               +-------+-------+-------+-------+-------+----------------------

Table legend: (Time is in decaauts)
 A = Elapsed time spent in this place.
 B = Non-inter-level travel time spent in this place.
 C = Inter-level travel time spent in this place.
 D = Time resting spent in this place.
 E = Time spent auto-exploring this place.
 F = Levels seen in this place.
 G = Mean time per level.
                   A        B        C        D        E       F      G
               +--------+--------+--------+--------+--------+-----+--------+
         Total |   3198 |   3083 |    115 |    245 |   2559 |   3 | 1066.0 |
       Dungeon |   3198 |   3083 |    115 |    245 |   2559 |   3 | 1066.0 |
               +--------+--------+--------+--------+--------+-----+--------+

Top non-repeatable levels by time:
     D:1: 1561 daAuts
     D:2: 1436 daAuts
     D:3: 200 daAuts
